 Dungeon Crawl Stone Soup version 0.30-a0-297-g0ec75d9ef4 (webtiles) character file.

Game seed: 3764780501288767657

4 Monkooky the Magician (level 1, 0/16 HPs)
             Began as a Formicid Wanderer on Oct 18, 2022.
             Slain by a goblin
             ... wielding a +0 club
              (3 damage)
             ... on level 1 of the Dungeon.
             The game lasted 00:00:30 (82 turns).

Monkooky the Magician (Formicid Wanderer)             Turns: 82, Time: 00:00:31

Health: 0/16       AC:  4    Str: 12    XL:     1   Next: 66%
Magic:  0/3        EV: 12    Int: 11    God:
Gold:   2          SH:  0    Dex: 17    Spells: 3/4 levels left

rFire   . . .      SeeInvis +    a - +0 dagger
rCold   . . .      Faith    .    (no shield)
rNeg    . . .      Spirit   .    d - +0 leather armour
rPois   .          Reflect  .    (helmet unavailable)
rElec   .          Harm     .    (no cloak)
rCorr   .          Rampage  .    b - +0 pair of gloves
Will    .....                    (no boots)
Stlth   +.........               (no amulet)
HPRegen 0.22/turn                (no ring)
MPRegen 0.08/turn                (no ring)

@: no status effects
A: permanent stasis, dig shafts and tunnels, antennae 3, four strong arms
a: Dig, Shaft Self


You were on level 1 of the Dungeon.
You visited 1 branch of the dungeon, and saw 1 of its levels.

You collected 2 gold pieces.

Inventory:

Hand Weapons
 a - a +0 dagger (weapon)
Armour
 b - a +0 pair of gloves (worn)
 d - a +0 leather armour (worn)
Scrolls
 f - a scroll of vulnerability {unknown}
Potions
 c - a potion of lignification
 e - a potion of attraction


   Skills:
 - Level 2.1 Fighting
 - Level 1.1 Armour
 - Level 1.7 Dodging
 - Level 2.0 Unarmed Combat
 - Level 2.1 Spellcasting
 + Level 1.3 Earth Magic


You had 3 spell levels left.
You knew the following spells:

 Your Spells              Type           Power      Damage    Failure   Level
a - Sandblast             Erth           8%         2d5       22%         1

Your spell library contained the following spells:

 Spells                   Type           Power      Damage    Failure   Level
 Necrotise                Necr           4%         1d4       36%         1
 Sting                    Tmut/Pois      4%         1d3       36%         1
 Portal Projectile        Hex/Tloc       2%         N/A       73%         3


Dungeon Overview and Level Annotations

Branches:
Dungeon (1/15)

Altars:


Innate Abilities, Weirdness & Mutations

You cannot be hasted, slowed, berserked, paralysed or teleported.
You can dig through walls and to a lower floor.
You have a pair of large antennae on your head. (SInv)
Your four strong arms can wield two-handed weapons with a shield.


Message History

The blast of sand hits the endoplasm.
The endoplasm is lightly wounded.
The endoplasm hits you.
You are out of magic!
You hit the endoplasm.
The endoplasm is moderately wounded.
The endoplasm hits you.
You hit the endoplasm.
The endoplasm is almost dead.
The endoplasm barely misses you.
You hit the endoplasm but do no damage.
The endoplasm is almost dead.
The endoplasm freezes you.
You are frozen.
You are too injured to fight recklessly!
You hit the endoplasm.
The endoplasm is almost dead.
The endoplasm freezes you.
You are frozen.
You hit the endoplasm.
You kill the endoplasm!
Your Earth Magic skill increases to level 1!
You closely miss the hobgoblin.
The hobgoblin is severely wounded.
The hobgoblin barely misses you.
You closely miss the hobgoblin.
The hobgoblin is severely wounded.
The hobgoblin hits you.
* * * LOW HITPOINT WARNING * * *
Unknown command.
Aiming: Sandblast (safe; 24% risk of failure)
Press: ? - help, Q - select action, (/) - cycle Shift-Dir - straight line, f - hobgoblin
Aim: a hobgoblin (severely wounded, 81% to hit)
The blast of sand hits the hobgoblin.
You kill the hobgoblin!
The goblin barely misses you.
You hit the goblin.
The goblin is almost dead.
The goblin hits you with a +0 club.
You die...

....### #....# ......###
#....# ........### +....#
..≈≈§..§§.#####....#
..≈≈≈≈§§.....'.....###
<.≈≈≈≈§§.§...'.......## #
..≈§§≈.§§....'.##.....#.#
..≈§§.....#######........
........####...g@.....#..
......### #...##.....# #
....### #...##.....#
..### #..g######.# ###
#...# ## #.... #.##. #. .
#. ..


You could see a goblin.

Vanquished Creatures
  An endoplasm (D:1)
  A hobgoblin (D:1)
  2 ball pythons (D:1)
4 creatures vanquished.

Notes
Turn   | Place    | Note
-------+----------+-------------------------------------------
     0 | D:1      | Monkooky the Formicid Wanderer began the quest for the Orb.
     0 | D:1      | Monkooky set off with the following items: a +0 dagger, a
                  | +0 pair of gloves, a potion of lignification, a +0 leather
                  | armour, a potion of attraction; and the following spells
                  | available to memorise: Necrotise, Sandblast, Sting, Portal
                  | Projectile.
     0 | D:1      | Reached XP level 1. HP: 16/16 MP: 3/3
     2 | D:1      | Learned a level 1 spell: Sandblast
    79 | D:1      | Reached skill level 1 in Earth Magic
    82 | D:1      | Slain by a goblin

Illustrated notes

Levels and vault maps discovered:
D:1:      lemuel_arrival_funnel, layout_basic, serial_shops,
          nicolae_shop_waterfront

Skill      XL: |  1 |
---------------+----+-----
Earth Magic    | 1 |  1.3
Fighting       | |  2.1
Armour         | |  1.1
Dodging        | |  1.7
Unarmed Combat | |  2.0
Spellcasting   | |  2.1

Action                   || total
-------------------------++-------
Melee: Dagger            ||    13
 Cast: Sandblast         ||     6
Armor: Leather armour    ||     4
Dodge: Dodged            ||    14

Table legend: (Time is in decaauts)
 A = Elapsed time spent in this place.
 B = Non-inter-level travel time spent in this place.
 C = Inter-level travel time spent in this place.
 D = Time resting spent in this place.
 E = Time spent auto-exploring this place.
 F = Levels seen in this place.
 G = Mean time per level.
                   A        B        C        D        E       F      G
               +--------+--------+--------+--------+--------+-----+--------+
         Total |     85 |     85 |      0 |      0 |     50 |   1 |   85.0 |
       Dungeon |     85 |     85 |      0 |      0 |     50 |   1 |   85.0 |
               +--------+--------+--------+--------+--------+-----+--------+

Top non-repeatable levels by time:
     D:1: 85 daAuts
